 Dungeon Crawl Stone Soup version 0.28.0-45-g0d030f2227 (webtiles) character file.

Game seed: 10095497775100899862

410 Ablot the Grasshopper (level 6, -3/51 HPs)
             Began as a Gnoll Warper on Mar 30, 2022.
             Was an Initiate of Okawaru.
             Slain by an orc warrior
             ... wielding a +0 battleaxe
              (12 damage)
             ... on level 4 of the Dungeon.
             The game lasted 00:06:59 (5233 turns).

Ablot the Grasshopper (Gnoll Warper)                Turns: 5233, Time: 00:07:00

Health: -3/51      AC:  6    Str: 12    XL:     6   Next: 89%
Magic:  9/14       EV: 13    Int: 12    God:    Okawaru [......]
Gold:   130        SH:  0    Dex: 12    Spells: 13/15 levels left

rFire   + . .      SeeInvis .   r - +1 hunting sling (freeze)
rCold   . . .      Faith    .   m - orb {light}
rNeg    . . .      Spirit   .   w - +0 leather armour {rF+}
rPois   .          Reflect  .   y - +0 helmet
rElec   .          Harm     .   p - +0 cloak
rCorr   .          Rampage  .   j - +0 pair of gloves
Will    .....                   (no boots)
Stlth   +.........              (no amulet)
HPRegen 0.17/turn               (no ring)
MPRegen 0.14/turn               (no ring)

@: on blink cooldown, glowing
A: fangs 1, strong nose, distributed training
a: Renounce Religion


You were on level 4 of the Dungeon.
You worshipped Okawaru.
Okawaru was noncommittal.
You visited 2 branches of the dungeon, and saw 5 of its levels.

You collected 130 gold pieces.

Inventory:

Hand Weapons
 a - a +0 spear
 r - a +1 hunting sling of freezing (weapon)
 x - a +1 hunting sling of flaming
Missiles
 b - 6 atropa-tipped darts
 d - 5 boomerangs of dispersal
 h - 22 sling bullets (quivered ammo)
 k - 62 arrows
 l - 106 stones
 n - 16 bolts
 B - 4 javelins
Armour
 j - a +0 pair of gloves (worn)
 m - an orb of light (worn)
 p - a +0 cloak (worn)
 w - a +0 leather armour of fire resistance (worn)
 y - a +0 helmet (worn)
Magical Staves
 C - a staff of fire
Wands
 z - a wand of acid (2)
Scrolls
 c - a scroll of blinking
 e - 2 scrolls of identify {unknown}
 o - 2 scrolls of enchant weapon {unknown}
 s - a scroll of teleportation {unknown}
 u - 2 scrolls of magic mapping {unknown}
 v - a scroll of immolation {unknown}
Potions
 f - a potion of mutation {unknown}
 g - 2 potions of heal wounds {unknown}
 i - a potion of resistance {unknown}
 q - a potion of might {unknown}
 t - a potion of cancellation {unknown}
 A - 2 potions of curing {unknown}


   Skills:
 + Level 5.1 Fighting
 + Level 2.1 Short Blades
 + Level 2.1 Long Blades
 + Level 2.1 Axes
 + Level 2.1 Maces & Flails
 + Level 5.1 Polearms
 + Level 2.1 Staves
 + Level 2.1 Slings
 + Level 2.1 Bows
 + Level 2.1 Crossbows
 + Level 3.4 Throwing
 + Level 3.4 Armour
 + Level 5.1 Dodging
 + Level 2.1 Stealth
 + Level 2.1 Shields
 + Level 2.1 Unarmed Combat
 + Level 5.4 Spellcasting
 + Level 1.7 Conjurations
 + Level 1.7 Hexes
 + Level 1.7 Summonings
 + Level 1.7 Necromancy
 + Level 5.7 Translocations
 + Level 1.7 Transmutations
 + Level 1.7 Fire Magic
 + Level 1.7 Ice Magic
 + Level 1.7 Air Magic
 + Level 1.7 Earth Magic
 + Level 1.7 Poison Magic
 + Level 2.4 Invocations
 + Level 2.1 Evocations


You had 13 spell levels left.
You knew the following spells:

 Your Spells              Type           Power      Damage    Failure   Level
a - Blink                 Tloc           34%        N/A       3%          2

Your spell library contained the following spells:

 Spells                   Type           Power      Damage    Failure   Level
 Gell's Gravitas          Tloc           17%        N/A       7%          3
 Lesser Beckoning         Tloc           17%        N/A       7%          3
 Teleport Other           Tloc           17%        N/A       7%          3
 Manifold Assault         Tloc           17%        N/A       54%         5
 Dispersal                Tloc           8%         N/A       98%         6
 Malign Gateway           Summ/Tloc      Unusable   N/A       N/A         7
 Summon Horrible Things   Summ           Unusable   N/A       N/A         8

Dungeon Overview and Level Annotations

Branches:
Dungeon (4/15)             Temple (1/1) D:4

Altars:
Ashenzari
Dithmenos
Elyvilon
Fedhas
Hepliaklqana
Kikubaaqudgha
Makhleb
Nemelex Xobeh
Okawaru
Ru
Uskayaw
Xom
Yredelemnul
Zin
The Shining One


Innate Abilities, Weirdness & Mutations

You have very sharp teeth.
Your uncanny sense of smell can sniff out nearby items.
Your experience applies equally to all skills.


Message History

You shoot a sling bullet.
The sling bullet hits the orc warrior but does no damage.
The orc warrior is severely wounded.
The orc warrior barely misses you.
You shoot a sling bullet.
The sling bullet barely misses the orc warrior.
The orc warrior closely misses you.
You shoot a sling bullet.
The sling bullet hits the orc warrior but does no damage.
The orc warrior is severely wounded.
You feel stable enough to blink again.
The orc warrior hits you with a +0 battleaxe!!
* * * LOW HITPOINT WARNING * * *
Casting: Blink (safe; 3% risk of failure)
Confirm with . or Enter, or press ? or * to list all spells.
You blink.
Your magical contamination has completely faded away.
Unknown command.
Casting: Blink (safe; 3% risk of failure)
Confirm with . or Enter, or press ? or * to list all spells.
Okay, then.
You are too injured to fight recklessly!
Fire: 24 sling bullets
Press: ? - help, Q - select action, (/) - cycle Shift-Dir - straight line, f/p - orc warrior
Aim: an orc warrior, wielding a +0 battleaxe and wearing a +0 plate armour of poison resistance (severely wounded, haloed, 79% to hit)
You shoot a sling bullet.
The sling bullet hits the orc warrior but does no damage.
The orc warrior is severely wounded.
The orc warrior hits you with a +0 battleaxe.
* * * LOW HITPOINT WARNING * * *
The orc warrior misses you.
Unknown command.
Fire: 23 sling bullets
Press: ? - help, Q - select action, (/) - cycle Shift-Dir - straight line, f/p - orc warrior
Aim: an orc warrior, wielding a +0 battleaxe and wearing a +0 plate armour of poison resistance (severely wounded, haloed, 79% to hit)
You shoot a sling bullet.
The sling bullet hits the orc warrior but does no damage.
The orc warrior is severely wounded.
The orc warrior hits you with a +0 battleaxe!
You die...

...........### .......##...# ###
...........##### ##.##
....#....####..## #####...##
.........###....###..##....#
........##......##.......###
........#.......###.......###
............##ยง..#..........#
..........####(o@#..........##
..........#####(##.##........#
....##..)##....(#..###.......##
...#####..##.##(..##.#........###
....##....##.##.(###.............
..>.##....)..#...(##........#....
....#..##.#.#.#...(()........)..#
....##..##........(............##
..#.....##.........(............#


You could see an orc warrior.

Vanquished Creatures
  3 hounds (D:3)
  An orc priest (D:2)
  An iguana (D:4)
  2 orc wizards
  Terence (D:2)
  A hound skeleton (D:4)
  8 adders
  2 worms
  4 dart slugs
  19 orcs
  6 bats
  7 endoplasms
  3 giant cockroaches
  6 goblins
  6 hobgoblins
  2 quokkas
  6 ball pythons
  4 frilled lizards
  2 kobolds (D:3)
  3 rats
87 creatures vanquished.

Notes
Turn   | Place    | Note
-------+----------+-------------------------------------------
     0 | D:1      | Ablot the Gnoll Warper began the quest for the Orb.
     0 | D:1      | Reached XP level 1. HP: 20/20 MP: 6/6
   319 | D:1      | Reached XP level 2. HP: 26/26 MP: 7/7
   322 | D:1      | Learned a level 2 spell: Blink
   404 | D:1      | You fall into a shaft and drop 1 floor!
   680 | D:2      | Reached XP level 3. HP: 31/31 MP: 9/9
   693 | D:2      | Reached skill level 5 in Spellcasting
   853 | D:1      | Reached skill level 1 in Invocations
  1393 | D:2      | Reached skill level 1 in Short Blades
  1393 | D:2      | Reached skill level 1 in Long Blades
  1393 | D:2      | Reached skill level 1 in Axes
  1393 | D:2      | Reached skill level 1 in Maces & Flails
  1393 | D:2      | Reached skill level 1 in Staves
  1393 | D:2      | Reached skill level 1 in Slings
  1393 | D:2      | Reached skill level 1 in Bows
  1393 | D:2      | Reached skill level 1 in Crossbows
  1393 | D:2      | Reached skill level 1 in Stealth
  1393 | D:2      | Reached skill level 1 in Shields
  1393 | D:2      | Reached skill level 1 in Unarmed Combat
  1393 | D:2      | Reached skill level 1 in Evocations
  1577 | D:2      | Reached XP level 4. HP: 29/38 MP: 11/11
  1821 | D:2      | Noticed Terence
  1832 | D:2      | Killed Terence
  1833 | D:2      | Reached skill level 1 in Conjurations
  1833 | D:2      | Reached skill level 1 in Hexes
  1833 | D:2      | Reached skill level 1 in Summonings
  1833 | D:2      | Reached skill level 1 in Necromancy
  1833 | D:2      | Reached skill level 1 in Transmutations
  1833 | D:2      | Reached skill level 1 in Fire Magic
  1833 | D:2      | Reached skill level 1 in Ice Magic
  1833 | D:2      | Reached skill level 1 in Air Magic
  1833 | D:2      | Reached skill level 1 in Earth Magic
  1833 | D:2      | Reached skill level 1 in Poison Magic
  2571 | D:3      | Reached XP level 5. HP: 37/43 MP: 12/12
  3177 | D:3      | Reached XP level 6. HP: 41/50 MP: 13/13
  3303 | D:3      | Found a faded altar of an unknown god.
  3310 | D:3      | Found a sparkling altar of Nemelex Xobeh.
  3833 | D:3      | Reached skill level 5 in Fighting
  3833 | D:3      | Reached skill level 5 in Polearms
  3833 | D:3      | Reached skill level 5 in Dodging
  4067 | D:4      | Found a staircase to the Ecumenical Temple.
  4081 | Temple   | Entered the Ecumenical Temple
  4354 | Temple   | Became a worshipper of Warmaster Okawaru
  4754 | D:4      | Noticed an orc warrior
  5233 | D:4      | Slain by an orc warrior

Illustrated notes

Levels and vault maps discovered:
D:1:      dpeg_arrival_ternary, layout_loops_corners
D:2:      layout_basic, uniq_terence
D:3:      layout_rooms, nicolae_overflow_ecumenical_swirl
D:4:      kennysheep_the_goblin_king, layout_cave_pools,
          minmay_temple_entry_offerings
Temple:   minmay_temple_curvy_branch

Skill      XL: |  1  2  3  4  5  6 |
---------------+-------------------+-----
Spellcasting   | 5 |  5.4
Invocations    | 1 2 |  2.4
Short Blades   | 1 2 |  2.1
Long Blades    | 1 2 |  2.1
Axes           | 1 2 |  2.1
Maces & Flails | 1 2 |  2.1
Staves         | 1 2 |  2.1
Slings         | 1 2 |  2.1
Bows           | 1 2 |  2.1
Crossbows      | 1 2 |  2.1
Stealth        | 1 2 |  2.1
Shields        | 1 2 |  2.1
Unarmed Combat | 1 2 |  2.1
Evocations     | 1 2 |  2.1
Conjurations   | 1 |  1.7
Hexes          | 1 |  1.7
Summonings     | 1 |  1.7
Necromancy     | 1 |  1.7
Transmutations | 1 |  1.7
Fire Magic     | 1 |  1.7
Ice Magic      | 1 |  1.7
Air Magic      | 1 |  1.7
Earth Magic    | 1 |  1.7
Poison Magic   | 1 |  1.7
Throwing       | 3 |  3.4
Armour         | 3 |  3.4
Fighting       | 5 |  5.1
Polearms       | 5 |  5.1
Dodging        | 5 |  5.1
Translocations | |  5.7

Action                   |  1- 3 |  4- 6 || total
-------------------------+-------+-------++-------
Melee: Spear             |   142 |   280 ||   422
       Bite              |    14 |    33 ||    47
       Punch             |     1 |       ||     1
 Fire: Hunting sling     |       |    28 ||    28
 Cast: Blink             |       |     6 ||     6
 Stab: Sleeping          |     1 |       ||     1
Armor: Leather armour    |    30 |    77 ||   107
Dodge: Dodged            |    54 |   169 ||   223
